Cogmind - Beta 13 @@@ ROGUE MODE // 2024.04.19 @ 23:00:16 Player: CrossedViper Result: Destroyed by G-73 Enforcer with Heavy Laser Performance ------------- Evolutions (9) 4500 Regions Visited (24) 4800 Robots Destroyed (467) 2335 Value Destroyed (22072) 22072 Prototype IDs (64) 1280 Alien Tech Used (0) 0 Bonus (16370) 16370 TOTAL SCORE: 51357 Bonus ------- Triggered High Security 500 High Alert Combat Kills 10398 Follower Combat Kills 4413 Entered Garrisons 200 Network Hubs Disabled 600 Met Imprinter 300 Was Imprinted 300 Acquired ECA 300 Built Enhanced Grunts 300 A7 Reached Mainframe 300 Met R17 at Cetus 500 Friendly Fire -1741 Cogmind --------- Core Integrity 0/1600 Matter 126/300 Energy 99/100 System Corruption 2% Temperature Cool (9) Movement Rolling (80) Location -1/Access Parts ------- > --- POWER (4) -------- (None) > --- PROPULSION (8) --- Wheel > --- UTILITY (9) ------ Advanced Coolant Injector > --- WEAPON (4) ------- (None) > --- INVENTORY (5) ---- Huge Storage Unit Zionite Biocell (600) Experimental EM Disruption Field Compact HERF Cannon Peak State ------------ > --- POWER ------------ Zionite Heavy DM Reactor Zionite Heavy DM Reactor Quantum Reactor Light Quantum Reactor > --- PROPULSION ------- Zionite Composite Leg I Myomer Leg Myomer Leg Myomer Leg Myomer Leg Zionite Composite Leg II Biometal Leg Centrium Leg > --- UTILITY ---------- Advanced Heat Sink Advanced Heat Sink Experimental Cooling System Huge Storage Unit Advanced Visual Processing Unit Advanced Terrain Scan Processor Advanced Targeting Computer Advanced Phase Shifter Advanced Corruption Screen > --- WEAPON ----------- Zionite Phaser-H Zionite Phaser-H Enhanced Nova Cannon Enhanced Nova Cannon > --- INVENTORY -------- Zionite Biocell Experimental EM Disruption Field Zionite Phaser-H Compact HERF Cannon Point Singularity Launcher [Rating: 187] Favorites ----------- Power Cold Fusion Reactor Engine Light Ion Engine Power Core Enhanced Nuclear Core Reactor Cold Fusion Reactor Propulsion Improved Heavy Treads Treads Improved Heavy Treads Leg Myomer Leg Wheel Armored Huge Wheel Hover Unit Gyrokinetic Inverter Flight Unit Improved Surge Thruster Utility Machine Analyzer Device Advanced Heat Sink Storage Huge Storage Unit Processor Machine Analyzer Hackware Authchip [Weapon] Protection Layered Heavy Armor Plating Weapon Enhanced Autogun Energy Gun Heavy Beamcaster Energy Cannon Heavy Phase Cannon Ballistic Gun Enhanced Autogun Ballistic Cannon Light Cannon Launcher Rocket Launcher Slashing Weapon Makeshift Sword Piercing Weapon CR-A16's Pointy Stick Build | -11 -10 -10 -10 -8 -7 -7 -7 -7 -6 -6 -6 -6 -5 -5 -5 -5 -5 -5 -4 -4 -4 -3 -2 -1 ------- Run | Yrd Mat Min Sub Mat Fac Was Fac Gar Fac Low Low Zio Pro Fac Ext Cet Arc Hub Fac Was Fac Res Res Acc Slots Evolved 18 | . . . . 4 2 . . . 2 . . . . 2 . . . . 2 . . 2 2 2 Power 3 | . . . . . . . . . 1 . . . . . . . . . . . . . . 2 Propulsion 6 | . . . . . 2 . . . . . . . . . . . . . 2 . . . 2 . Utility 7 | . . . . 2 . . . . 1 . . . . 2 . . . . . . . 2 . . Weapon 2 | . . . . 2 . . . . . . . . . . . . . . . . . . . . Parts Attached 430 | 6 8 2 12 52 42 20 2 12 15 5 3 7 7 28 5 8 1 31 23 1 17 24 41 58 Power 41 | 1 . . 1 4 2 1 . . 5 . . 1 . 3 . . . 3 2 . 1 4 4 9 Engine 15 | 1 . . 1 4 1 1 . . . . . . . . . . . . 1 . . 1 1 4 Core 2 | . . . . . 1 . . . . . . . . . . . . . . . 1 . . . Reactor 24 | . . . . . . . . . 5 . . 1 . 3 . . . 3 1 . . 3 3 5 Propulsion 86 | 2 2 . 1 9 9 3 . 4 . . . . . 4 1 5 . 2 5 . 13 4 9 13 Treads 54 | 2 2 . 1 9 6 3 . 4 . . . . . 4 1 5 . 2 3 . 6 2 2 2 Leg 18 | . . . . . . . . . . . . . . . . . . . . . 5 . 5 8 Wheel 6 | . . . . . 3 . . . . . . . . . . . . . . . . . 2 1 Hover 4 | . . . . . . . . . . . . . . . . . . . 2 . . . . 2 Flight 4 | . . . . . . . . . . . . . . . . . . . . . 2 2 . . Utility 138 | 1 3 . 2 12 12 4 1 7 6 . . 2 1 11 3 2 . 18 9 1 2 10 14 17 Device 77 | . 1 . . 5 11 3 . 5 3 . . 2 1 7 1 . . 10 4 1 1 6 8 8 Storage 12 | 1 1 . 1 2 . . 1 1 . . . . . . 1 . . 1 . . . 1 . 2 Processor 15 | . 1 . . 2 1 . . . 1 . . . . 1 . . . 1 . . 1 3 1 3 Hackware 3 | . . . . . . . . . 1 . . . . . . . . . 2 . . . . . Protection 31 | . . . 1 3 . 1 . 1 1 . . . . 3 1 2 . 6 3 . . . 5 4 Artifact . | . . . . . . . . . . . . . . . . . . . . . . . . . Weapon 165 | 2 3 2 8 27 19 12 1 1 4 5 3 4 6 10 1 1 1 8 7 . 1 6 14 19 Energy Gun 32 | . . . . 2 4 3 . 1 . . . . . . . 1 . . 6 . . 1 5 9 Energy Cannon 39 | . 2 1 5 5 1 . . . 1 2 . . 2 4 1 . 1 3 . . . 4 3 4 Ballistic Gun 55 | 2 . . 2 11 9 5 1 . 2 3 2 4 3 3 . . . . 1 . 1 . 3 3 Ballistic Cannon 6 | . . 1 1 . . . . . . . 1 . . 1 . . . 1 . . . 1 . . Launcher 28 | . 1 . . 9 3 3 . . 1 . . . . 1 . . . 4 . . . . 3 3 Special Weapon . | . . . . . . . . . . . . . . . . . . . . . . . . . Impact Weapon . | . . . . . . . . . . . . . . . . . . . . . . . . . Slashing Weapon 4 | . . . . . 2 1 . . . . . . . 1 . . . . . . . . . . Piercing Weapon 1 | . . . . . . . . . . . . . 1 . . . . . . . . . . . Special Melee Weapon . | . . . . . . . . . . . . . . . . . . . . . . . . . Unidentified Prototypes 42 | . . . . 5 3 1 . . 1 . . 1 . 5 2 3 1 3 5 . . . 4 8 Corrupted Parts 3 | . . . . . . . . . . . . . . . . 1 . 1 . . . . . 1 System Corruption 13 | . . . . . . . . . . . . . . . . 2 . 10 . . . . . 1 Parts Lost 143 | . . 1 . 12 4 . . 2 1 2 . . . 1 . . . 16 3 . 8 22 27 44 Power 16 | . . . . 1 . . . . . . . . . . . . . . . . . 4 2 9 Propulsion 42 | . . . . 2 2 . . . . . . . . . . . . 4 . . 4 10 8 12 Utility 46 | . . . . 2 . . . 1 1 . . . . 1 . . . 6 2 . 4 5 10 14 Weapon 39 | . . 1 . 7 2 . . 1 . 2 . . . . . . . 6 1 . . 3 7 9 Highest Loss Streak 18 | . . 1 . 7 2 . . 2 1 2 . . . 1 . . . 6 2 . 3 12 9 18 To Critical Strikes 2 | . . . . . . . . . . . . . . . . . . . . . . . 2 . Average Slot Usage (%) 80 | . 98 99 85 90 95 87 84 82 83 76 79 74 79 81 88 87 88 72 38 38 43 68 51 58 Engine 5 | . 14 14 14 8 4 6 7 7 1 . . . . . . . . . . . . . . . Reactor 5 | . . . . . . . . . 11 13 13 13 13 11 11 11 11 10 2 . . 6 4 8 Treads 16 | . 27 28 28 17 26 8 7 12 13 13 13 13 13 13 11 11 11 10 8 15 7 19 1 . Leg 1 | . . . . . . . . . . . . . . . . . . . . . 6 . 10 16 Device 7 | . . . . 8 11 9 7 9 15 6 5 . 5 8 17 12 11 9 5 15 18 13 8 6 Storage 5 | . 14 14 2 9 7 7 7 7 6 6 6 6 6 5 5 5 5 4 . . . 2 . 2 Processor 6 | . 12 14 . 5 8 7 7 7 6 6 6 6 6 11 11 11 11 6 . . 2 12 10 10 Protection 5 | . . . 11 6 . 5 7 4 1 6 6 6 6 4 5 9 11 7 4 . . . 2 . Energy Gun 3 | . . . . 2 6 7 15 14 13 2 . . . . . 3 2 . 6 . . 1 6 4 Energy Cannon 8 | . 19 14 14 10 . . . . . 5 6 4 . 6 18 18 20 15 . . . 3 2 6 Ballistic Gun 11 | . 3 . 13 18 19 10 15 15 12 14 19 21 25 15 3 . . . . . 1 . . . Launcher 1 | . 5 6 . 2 2 11 . . . . . . . . . . . . . . . . . . Naked Turns 37 | . . . . . . . . . . . . . . . . . . 2 35 . . . . . Heaviest Build 201 | 11 30 30 37 90 66 76 116 120 166 164 163 162 164 165 154 159 158 191 57 52 13 156 71 201 Greatest Support 225 | 40 40 40 40 40 88 70 70 150 150 150 150 150 150 150 145 150 150 160 225 225 225 180 140 210 Greatest Overweight (x) 4 | . . . . 2 2 2 4 4 1 1 1 1 1 1 1 2 1 1 1 . 1 2 2 2 Average Overweight (x) . | . . . . 1 . 1 1 1 . 1 1 1 1 . 1 1 1 . . . . . . . Largest Inventory Capacity 25 | 8 15 15 15 20 20 20 25 25 25 25 25 25 25 25 25 25 25 25 5 5 5 25 5 25 Average Capacity 18 | 7 8 15 6 19 20 20 21 25 25 25 25 25 25 25 25 25 25 24 5 5 5 18 5 13 Most Carried 25 | 3 8 8 15 20 20 20 20 25 25 25 25 25 25 25 25 25 24 25 5 5 5 5 5 9 Average Carried 16 | 1 6 7 6 17 19 19 19 24 23 24 24 24 24 24 24 24 24 21 5 5 5 3 4 5 Final Capacity 25 | 8 15 15 15 20 20 20 25 25 25 25 25 25 25 25 25 25 25 5 5 5 5 5 5 5 Final Carried 25 | 3 8 8 15 19 20 20 20 25 25 25 25 25 25 25 25 24 24 5 5 5 5 4 5 4 Class Distribution -------------------- 31% | Tank 16% | Mutant 13% | Subdweller-Mutant 8% | Scavenger-Tank 8% | Skirmisher 7% | Scavenger-Gunner 4% | Gunner 3% | Subdweller-Tank Dominant Class ---------------- Mutant | -10/Materials Mutant | -10/Mines Subdweller-Mutant | -10/Subcaves Subdweller-Tank | -8/Materials Skirmisher | -7/Factory Tank | -7/Waste Tank | -7/Factory Tank | -7/Garrison Tank | -6/Factory Tank | -6/Lower Caves Tank | -6/Lower Caves Tank | -6/Zion Tank | -5/Proximity Caves Gunner | -5/Factory Scavenger-Gunner | -5/Extension Scavenger-Tank | -5/Cetus Scavenger-Tank | -5/Archives Scavenger-Tank | -5/Hub_04(d) Mutant | -4/Factory Mutant | -4/Waste Mutant | -4/Factory Mutant | -3/Research Mutant | -2/Research Messiah-Skirmisher | -1/Access Resources | -11 -10 -10 -10 -8 -7 -7 -7 -7 -6 -6 -6 -6 -5 -5 -5 -5 -5 -5 -4 -4 -4 -3 -2 -1 ----------- Run | Yrd Mat Min Sub Mat Fac Was Fac Gar Fac Low Low Zio Pro Fac Ext Cet Arc Hub Fac Was Fac Res Res Acc Matter Collected 10648 | 212 146 89 247 1280 1176 619 36 1075 365 172 163 64 144 669 118 87 . 1451 233 . 198 423 798 883 Remotely 2181 | . . . . 563 468 499 . . . . . . . 298 . . . 353 . . . . . . Salvage Created 21784 | . 548 49 715 2503 1756 1264 112 2266 1313 116 68 . 160 1229 929 335 . 4277 416 . 102 1442 950 1234 Parts 888 | . 34 4 36 129 106 15 2 85 56 6 2 . 6 43 21 8 . 134 17 . 11 69 35 69 Haulers Intercepted 10 | . 1 . . 5 1 . . . 1 . . . . . 1 . . . . . . . . 1 Recyclers Shooed 23 | . 1 . . 1 2 . . . 2 . . . . 1 . . . . 4 . 1 5 6 . Parts Field Recycled . | . . . . . . . . . . . . . . . . . . . . . . . . . Retrieved Matter . | . . . . . . . . . . . . . . . . . . . . . . . . . Parts Self-Destructed 18 | . . . 10 . . . . . . 2 1 . 5 . . . . . . . . . . . Prevented 14 | . . . . . . . . . . 4 1 . 9 . . . . . . . . . . . Kills | -11 -10 -10 -10 -8 -7 -7 -7 -7 -6 -6 -6 -6 -5 -5 -5 -5 -5 -5 -4 -4 -4 -3 -2 -1 ------- Run | Yrd Mat Min Sub Mat Fac Was Fac Gar Fac Low Low Zio Pro Fac Ext Cet Arc Hub Fac Was Fac Res Res Acc Combat Hostiles Destroyed 355 | . 9 2 13 56 31 6 2 28 23 2 1 . 2 15 10 4 . 69 3 . 7 14 21 37 Melee 7 | . . . . . . . . . . . . . 1 . . . . . . . 4 . 2 . Guns 126 | . . . 4 23 24 . 2 27 12 1 1 . 1 10 . 1 . . 2 . 3 . 5 10 Cannons 84 | . 5 2 9 3 1 . . . . 1 . . . 3 8 1 . 31 . . . 12 2 6 AOE 96 | . 4 . . 29 6 6 . . 11 . . . . 2 . . . 9 . . . . 11 18 Classes Destroyed 27 | . 6 2 3 10 1 1 . . 2 . . . . 1 . . . . . . 1 . . . Worker 30 | . . . . 2 5 . . . 3 . . . . 2 . . . 3 2 . . 2 7 4 Builder 29 | . 2 . . 7 4 . . . 1 . . . . . . . . . 1 . . 3 6 5 Tunneler 4 | . . 2 . . 1 . . . . . . . . . . . . . . . . . 1 . Hauler 10 | . 1 . . 5 1 . . . 1 . . . . . 1 . . . . . . . . 1 Recycler 22 | . 2 . . 2 4 . . . 1 . . . . 2 1 . . . 1 . . 4 5 . Mechanic 5 | . . . . 1 . . . . . . . . . . . . . 4 . . . . . . Operator 3 | . 1 . . 1 . . . . . . . . . . . . . 1 . . . . . . Watcher 11 | . 1 . . 4 2 . . . 2 . . . . . . . . . . . . . 1 1 Swarmer 25 | . . . . 3 . . . 1 . . . . . . . . . 2 . . 4 3 1 11 Cutter 3 | . . . . . . . . . . . . . . . . . . . . . 3 . . . Saboteur 4 | . . . . . . . . . 2 . . . . . . . . 1 . . . . 1 . Grunt 163 | . 9 . 3 33 18 . . 14 15 . . . . 9 5 . . 28 3 . . 6 4 16 Brawler 16 | . . . . 3 . . . . . . . . . 1 . . . 11 . . . . 1 . Duelist 18 | . . . . 2 1 . . 1 2 . . . . 1 . . . 10 . . . 1 . . Protector 4 | . . . . 1 1 . . . . . . . . . . . . 2 . . . . . . Sentry 35 | . . . . 9 5 . 1 3 1 1 1 . 1 1 3 . . 7 . . . . 1 1 Demolisher 2 | . . 2 . . . . . . . . . . . . . . . . . . . . . . Specialist 6 | . . . . 2 . . . 4 . . . . . . . . . . . . . . . . Hunter 13 | . . . . 2 2 . . . . . . . . . . . . 1 . . . . 6 2 Programmer 34 | . . . . . 4 . 1 4 2 1 . . . 3 1 . . 1 . . . 3 7 7 Heavy 3 | . . . . 1 . . . 1 . . . . . . . . . . . . . 1 . . Behemoth 3 | . . . . . . . . . 1 . . . 1 . 1 . . . . . . . . . Compactor 6 | . . . . . . 6 . . . . . . . . . . . . . . . . . . Cetus Guard 4 | . . . . . . . . . . . . . . . . 4 . . . . . . . . Enhanced Grunt 1 | . . . . . . . . . . . . . . . . . . 1 . . . . . . Lightning 6 | . . . . . . . . . . . . . . . . . . 6 . . . . . . Artisan 2 | . . . 2 . . . . . . . . . . . . . . . . . . . . . Cobbler 2 | . . . 2 . . . . . . . . . . . . . . . . . . . . . Subdweller 10 | . . . 10 . . . . . . . . . . . . . . . . . . . . . Z-Light 2 | . . . . . . . . . . . . . . 1 . . . 1 . . . . . . Thug 1 | . . . . . . . . 1 . . . . . . . . . . . . . . . . Savage 1 | . . . . . . . . . . . . . . . . 1 . . . . . . . . Martyr 2 | . . . . . . 2 . . . . . . . . . . . . . . . . . . Best Kill Streak 18 | . 5 3 2 12 8 3 1 9 11 1 1 . 1 5 5 2 . 16 5 . 3 12 18 14 Combat Bots Only 16 | . 3 2 2 9 6 3 1 9 8 1 1 . 1 5 5 2 . 16 1 . 3 7 6 11 Max Kills in Single Turn 6 | . 2 1 1 4 3 2 1 2 4 1 1 . 1 2 1 2 . 4 2 . 1 2 5 6 Gunslinging 1 | . . . . 1 . . . 1 . . . . . . . . . . . . . . . . Exploded 6 | . 2 . . 3 2 2 . . 3 . . . . 2 . . . 4 . . . . 4 6 Melee 1 | . . . . . . . . . . . . . 1 . . . . . . . 1 . 1 . Uniques/NPCs Destroyed . | . . . . . . . . . . . . . . . . . . . . . . . . . Combat | -11 -10 -10 -10 -8 -7 -7 -7 -7 -6 -6 -6 -6 -5 -5 -5 -5 -5 -5 -4 -4 -4 -3 -2 -1 -------- Run | Yrd Mat Min Sub Mat Fac Was Fac Gar Fac Low Low Zio Pro Fac Ext Cet Arc Hub Fac Was Fac Res Res Acc Hostile Shots Fired 2949 | . 6 11 28 258 262 . 2 199 110 30 36 . 18 69 35 21 5 399 62 . 256 239 421 482 Missed 889 | . 2 . 5 78 102 . 1 53 35 10 15 . 1 16 15 4 1 82 20 . 92 84 136 137 Damage Taken 42080 | . 47 521 585 3429 2128 202 88 2208 1180 154 120 . 330 1321 368 337 106 7531 985 . 2920 3758 6277 7485 Core 5499 | . . 95 26 316 105 20 . 185 37 22 5 . . 55 20 25 . 709 88 . 449 919 811 1612 Absorbed by Shields 608 | . . . . . . . . 65 302 . . . . . 89 127 . . . . . . 25 . Reduced by Siege Mode 481 | . . . . . . . . 43 . . . . . 15 . . . 335 . . 88 . . . Redirected to Shielding 564 | . . . . . . . . . . . . . . . . . . 151 . . . . 272 141 Ignored by Resistances 1266 | . . . . . . . . . . . . . . . . . . 940 . . . . 249 77 Regen/Repaired (Parts) 1557 | . 25 . . 121 165 28 50 907 90 . . 171 . . . . . . . . . . . . Core Remaining (%) 53 | 100 . . 51 42 . . . 55 . . . . 92 . . . . 19 . . 53 29 44 . Volleys Fired 952 | . 22 13 80 108 79 11 2 118 43 8 8 1 3 37 25 13 3 157 10 . 15 65 54 77 Largest 4 | . 2 2 2 4 4 3 4 4 4 4 4 1 4 4 4 4 4 4 4 . 1 4 4 4 Hottest 433 | . 136 136 110 220 203 99 212 219 219 219 164 81 116 303 360 360 350 360 256 . 35 433 346 400 Shots Fired 2392 | . 36 26 135 300 274 33 8 396 148 22 21 1 9 133 92 47 9 263 30 . 14 131 115 149 Gun 1417 | . 2 . 56 203 258 . 8 396 145 17 12 . 8 101 10 1 1 . 30 . 14 . 80 75 Cannon 844 | . 26 26 79 61 9 . . . 1 5 9 1 1 29 82 46 8 242 . . . 131 26 62 Launcher 131 | . 8 . . 36 7 33 . . 2 . . . . 3 . . . 21 . . . . 9 12 Special . | . . . . . . . . . . . . . . . . . . . . . . . . . Kinetic 1025 | . 2 9 57 173 215 . 4 235 77 10 16 . 8 105 10 . . 24 9 . 14 28 17 12 Thermal 1124 | . 26 17 78 98 52 . 4 161 70 7 . . . 28 82 47 9 173 21 . . 102 89 60 Explosive 101 | . 8 . . 29 7 33 . . . . . . . . . . . 3 . . . . 9 12 Electromagnetic 86 | . . . . . . . . . 1 5 5 1 1 . . . . 63 . . . 1 . 9 Phasic 56 | . . . . . . . . . . . . . . . . . . . . . . . . 56 Robot Hit Streak 31 | . 9 12 11 10 17 21 22 31 14 4 7 . 3 26 19 15 6 24 5 . 6 14 8 12 Robot Miss Streak 6 | . 1 2 3 5 6 2 1 4 5 4 4 . 1 4 3 2 1 4 3 . 1 3 4 5 Penetration Max 1 | . . . . . 1 . . . . . . . . . . . . 1 . . . . 1 . Secondary Targets 34 | . . . . 2 5 . . 14 5 . . . 1 4 . . . . 1 . . . 1 1 Max Gunslinging Chain 1 | . . . . 1 1 . . 1 1 . . . 1 1 . . . . 1 . . . 1 1 Shots Hit Robots 1435 | . 19 9 68 155 184 25 4 223 94 12 11 . 9 80 50 28 7 168 21 . 9 92 70 97 Core Hits 919 | . 18 5 27 145 125 19 3 96 58 4 2 . 5 43 22 7 3 155 13 . 13 32 59 65 Critical Kills 19 | . . . 1 2 . . . 1 2 . . . . . 1 2 . 2 1 . . 3 2 2 Critical Parts Destroyed 11 | . . . . 1 4 . . 3 3 . . . . . . . . . . . . . . . Critical Strikes 61 | . . . 1 5 4 . 1 9 9 . . . . . 1 2 . 11 2 . . 7 4 5 Burn 15 | . . . . 2 . . 1 5 4 . . . . . . . . . 1 . . . 2 . Meltdown 14 | . . . 1 1 . . . . . . . . . . 1 2 . 2 . . . 3 2 2 Destroy 16 | . . . . 2 4 . . 4 5 . . . . . . . . . 1 . . . . . Blast 4 | . . . . . . . . . . . . . . . . . . . . . . 4 . . Corrupt 10 | . . . . . . . . . . . . . . . . . . 9 . . . . . 1 Intensify 2 | . . . . . . . . . . . . . . . . . . . . . . . . 2 Melee Attacks 15 | . . . . . 7 3 . . . . . . 5 . . . . . . . . . . . Impact . | . . . . . . . . . . . . . . . . . . . . . . . . . Slashing 10 | . . . . . 7 3 . . . . . . . . . . . . . . . . . . Piercing 5 | . . . . . . . . . . . . . 5 . . . . . . . . . . . Sneak Attacks 3 | . . . . . . 3 . . . . . . . . . . . . . . . . . . Combat Hostiles . | . . . . . . . . . . . . . . . . . . . . . . . . . Follow-up Attacks . | . . . . . . . . . . . . . . . . . . . . . . . . . Damage Inflicted 66257 | . 801 202 1650 6779 4705 3056 84 4669 3942 316 232 . 238 2390 2131 1007 244 12748 603 . 372 4140 6652 9296 Guns 18991 | . 9 . 570 2165 3102 . 84 4669 2110 198 146 . 108 1352 118 34 35 . 577 . 292 . 1335 2087 Cannons 21175 | . 382 202 1080 824 87 . . . . 118 86 . 35 656 1956 973 209 7846 . . . 4101 676 1944 Explosions 25292 | . 404 . . 3745 1357 2842 . . 1832 . . . . 380 . . . 4902 . . 29 . 4536 5265 Melee 456 | . . . . . 147 214 . . . . . . 95 . . . . . . . . . . . Ramming 343 | . 6 . . 45 12 . . . . . . . . 2 57 . . . 26 . 51 39 105 . Kinetic 16542 | . 9 36 585 2952 2246 . 31 2595 1203 77 146 . 108 1732 118 . . 3048 106 . 292 699 339 220 Thermal 22807 | . 382 166 1065 1323 1117 . 53 2074 1299 121 . . . 656 1956 1007 244 3986 471 . . 3378 1672 1837 Explosive 18332 | . 404 . . 2344 1183 2842 . . 1440 . . . . . . . . 318 . . . . 4536 5265 Electromagnetic 6017 | . . . . 115 . . . . . 118 86 . 35 . . . . 5396 . . 29 24 . 214 Impact . | . . . . . . . . . . . . . . . . . . . . . . . . . Slashing 361 | . . . . . 147 214 . . . . . . . . . . . . . . . . . . Piercing 95 | . . . . . . . . . . . . . 95 . . . . . . . . . . . Phasic 1760 | . . . . . . . . . . . . . . . . . . . . . . . . 1760 Highest Corruption 20 | . . . . 2 2 . 2 3 . 1 1 1 . . . 2 2 20 . 7 18 10 6 2 Average Corruption 3 | . . . . 1 1 . 2 2 . 1 1 1 . . . 2 2 6 . 7 8 3 5 1 Corruption Purged 12 | . . . . 2 2 . . . . . . . . . . . . 8 . . . . . . Corruption Blocked 22 | . . . . . . . . . . . . . . . . . . . . . 2 . 14 6 Effects 179 | . . . . 4 6 . 5 26 . 8 10 1 . . . 6 2 59 . 3 18 22 6 3 Message Errors 48 | . . . . . 2 . 2 10 . 2 5 . . . . 2 . 9 . 1 6 8 . 1 Matter Fused 47 | . . . . 1 1 . . 4 . 4 1 1 . . . 2 1 19 . 2 4 5 2 . Heat Flow Errors 19 | . . . . . . . 2 3 . . 1 . . . . . . 9 . . 2 1 1 . Energy Discharges 18 | . . . . . 2 . . 3 . . 1 . . . . 1 . 7 . . 2 2 . . Parts Rejected 2 | . . . . . . . . . . . . . . . . . . 1 . . . . . 1 Parts Fused 2 | . . . . . . . . . . . . . . . . . . 1 . . . 1 . . Data Loss (minor) 21 | . . . . 3 1 . 1 3 . . . . . . . . . 6 . . 2 3 2 . Data Loss (major) 6 | . . . . . . . . 2 . 1 1 . . . . . . 1 . . . . 1 . Misfires 5 | . . . . . . . . 1 . . 1 . . . . 1 . 2 . . . . . . Alerts 1 | . . . . . . . . . . . . . . . . . . 1 . . . . . . Misdirections 3 | . . . . . . . . . . . . . . . . . . 1 . . 1 1 . . Weapon Failures 7 | . . . . . . . . . . 1 . . . . . . 1 2 . . 1 1 . 1 Overload Shots . | . . . . . . . . . . . . . . . . . . . . . . . . . Overflow Damage 1697 | . . 3 15 33 90 36 . . 59 . . . . 41 71 11 . 122 . . . 212 416 588 Projectiles 578 | . . 3 15 15 . . . . . . . . . 41 71 11 . 70 . . . 212 15 125 Explosions 1055 | . . . . 18 62 . . . 59 . . . . . . . . 52 . . . . 401 463 Melee 64 | . . . . . 28 36 . . . . . . . . . . . . . . . . . . Knockbacks 14 | . . . . . . . . . . . . . . . . . . 2 . . . 11 1 . Impact 1 | . . . . . . . . . . . . . . . . . . . . . . . 1 . Kinetic 11 | . . . . . . . . . . . . . . . . . . 2 . . . 9 . . Secondary 2 | . . . . . . . . . . . . . . . . . . . . . . 2 . . Self-Inflicted Damage 1661 | . . . . 188 153 207 . . 61 . . . . 163 . . . 801 6 . 31 . 14 37 Shots 46 | . . . . 9 4 8 . . 1 . . . . 3 . . . 19 . . 1 . . 1 Rammed 102 | . 4 . . 7 3 . . . . . . . . 2 5 . . . 7 . 47 3 24 . Targets Rammed 114 | . 4 . . 9 3 . . . . . . . . 2 5 . . . 8 . 51 3 29 . Kicked 4 | . . . . . . . . . . . . . . . . . . . . . . . 4 . Crushed 8 | . . . . 2 . . . . . . . . . . . . . . 1 . 4 . 1 . Highest Temperature 605 | . 280 304 6 407 361 . 168 304 194 195 193 26 106 498 178 198 162 457 454 . 240 199 321 605 Average Temperature 122 | . 93 122 2 143 109 . 83 116 111 112 73 14 54 137 79 110 73 139 167 . 119 120 103 151 Received Heat Transfer 5806 | . 24 . 111 1215 585 . . 291 278 18 . . 9 387 92 8 9 1326 190 . 51 339 162 711 Effects 28 | . 1 1 . 6 1 . . 1 . . . . . 3 . . . 3 3 . . . 1 8 Shutdowns 2 | . . . . 2 . . . . . . . . . . . . . . . . . . . . Energy Bleed 5 | . . 1 . 1 . . . 1 . . . . . . . . . . . . . . . 2 Interference 12 | . 1 . . 3 1 . . . . . . . . . . . . 1 . . . . 1 5 Matter Decay 1 | . . . . . . . . . . . . . . . . . . 1 . . . . . . Damage (minor) 2 | . . . . . . . . . . . . . . . . . . 1 . . . . . 1 Damage (major) 6 | . . . . . . . . . . . . . . 3 . . . . 3 . . . . . Siege Activations 7 | . . . . . . . . 1 . . . . . 1 . . . 4 . . 1 . . . Total Turns 192 | . . . . . . . . 16 . . . . . 27 . . . 129 . . 20 . . . Longest Duration 50 | . . . . . . . . 16 . . . . . 27 . . . 50 . . 20 . . . Robots Corrupted 30 | . . . . . . . . . . . . . . . . . . 28 . . . . . 2 Combat Hostiles 27 | . . . . . . . . . . . . . . . . . . 26 . . . . . 1 Parts Fried 52 | . . . . . . . . . . 2 2 . 1 . 2 . . 44 . . . . . 1 Impact Corruptions . | . . . . . . . . . . . . . . . . . . . . . . . . . Robots Melted 19 | . . . 1 1 . . . 1 . . . . . . 2 3 . 3 1 . . 3 2 2 Combat Hostiles 16 | . . . 1 1 . . . 1 . . . . . . 2 2 . 3 1 . . 2 1 2 Parts Melted 78 | . 4 . 3 1 3 . 1 11 5 2 . . 1 4 4 . . 6 . . . 11 15 7 Heat Transferred 28099 | . 666 296 1443 2294 1098 . 148 3552 2146 148 . . . 666 2320 1274 272 4475 703 . . 3145 2183 1270 Parts Sabotaged 3 | . . . . . . . . . . . . . . . . . . 3 . . . . . . Parts Stolen . | . . . . . . . . . . . . . . . . . . . . . . . . . Parts Stripped . | . . . . . . . . . . . . . . . . . . . . . . . . . Power Chain Reactions 6 | . . . . . . . . . . . . . . . . . . 6 . . . . . . Alert | -11 -10 -10 -10 -8 -7 -7 -7 -7 -6 -6 -6 -6 -5 -5 -5 -5 -5 -5 -4 -4 -4 -3 -2 -1 ------- Run | Yrd Mat Min Sub Mat Fac Was Fac Gar Fac Low Low Zio Pro Fac Ext Cet Arc Hub Fac Was Fac Res Res Acc Peak Influence 3986 | . 330 82 . 1441 1395 517 335 1503 1278 . . . . 576 749 648 351 3986 2315 766 1019 811 1260 1455 Initial 1953 | . . 82 . . 655 449 116 234 788 . . . . . 263 377 179 122 1953 751 536 468 450 701 Average 701 | . 130 30 . 411 872 373 193 903 870 . . . . 368 265 473 300 1935 2102 760 765 555 868 926 Maximum Alert Level 5 | . 1 . . 4 4 2 1 4 4 . . . . 2 3 2 1 5 5 3 3 3 4 4 Low Security (%) 23 | 100 92 100 . 43 . 15 74 . . . . . . 9 39 . 14 6 . . . . . . Level 1 15 | . 7 . . 27 . 42 25 4 . . . . . 57 46 9 85 5 . . . . . . Level 2 21 | . . . . 4 22 42 . 39 23 . . . . 32 13 90 . 3 . . 31 88 39 . Level 3 19 | . . . . 10 59 . . 19 56 . . . . . . . . 4 . 100 68 11 36 88 Level 4 11 | . . . . 14 17 . . 37 20 . . . . . . . . 25 . . . . 23 11 Level 5 6 | . . . . . . . . . . . . . . . . . . 39 100 . . . . . High Security 1 | . . . . . . . . . . . . . . . . . . 14 . . . . . . Max Security . | . . . . . . . . . . . . . . . . . . . . . . . . . Sterilizations 1 | . . . . 1 . . . . . . . . . . . . . . . . . . . . Squads Dispatched 108 | . 5 . . 12 16 . 2 . 6 . . . . 6 2 . . 26 4 . 7 6 5 11 Investigation 13 | . 3 . . 3 1 . . . 2 . . . . 1 . . . . 1 . 1 . 1 . Extermination 17 | . . . . . 2 . 1 . 2 . . . . 2 . . . 1 . . 2 3 2 2 Reinforcement 26 | . 2 . . 6 3 . 1 . . . . . . 1 1 . . 4 . . 3 1 . 4 Assault 34 | . . . . 3 2 . . . 2 . . . . 1 1 . . 16 3 . 1 1 2 2 Garrison 18 | . . . . . 8 . . . . . . . . 1 . . . 5 . . . 1 . 3 Intercept . | . . . . . . . . . . . . . . . . . . . . . . . . . Searches Triggered . | . . . . . . . . . . . . . . . . . . . . . . . . . Construction Impeded 7 | . . . . 1 2 . . . . . . . . 1 . . . 1 . . 1 . . 1 Haulers Reinforced 3 | . . . . . 1 . . . . . . . . . . . . . . . . . . 2 Active Scanning Responses . | . . . . . . . . . . . . . . . . . . . . . . . . . Cargo Convoy Interrupts . | . . . . . . . . . . . . . . . . . . . . . . . . . Stealth | -11 -10 -10 -10 -8 -7 -7 -7 -7 -6 -6 -6 -6 -5 -5 -5 -5 -5 -5 -4 -4 -4 -3 -2 -1 --------- Run | Yrd Mat Min Sub Mat Fac Was Fac Gar Fac Low Low Zio Pro Fac Ext Cet Arc Hub Fac Was Fac Res Res Acc Distress Signals 29 | . 1 . . 4 5 . 1 . 1 . . . . 2 2 2 . 5 1 . 1 1 1 2 Communications Jammed . | . . . . . . . . . . . . . . . . . . . . . . . . . Distress Signals . | . . . . . . . . . . . . . . . . . . . . . . . . . Times Spotted 676 | . 14 2 23 76 43 5 7 36 27 2 1 . 6 25 33 9 2 139 16 6 37 44 57 66 Peak Tracking Total 18 | . 3 2 2 11 5 3 2 13 8 1 1 . 3 6 6 5 2 18 6 6 14 12 13 14 Tactical Retreats 36 | . 1 . . 1 1 . . 1 1 . . . . . 2 . . 2 1 . 10 10 4 2 Traps | -11 -10 -10 -10 -8 -7 -7 -7 -7 -6 -6 -6 -6 -5 -5 -5 -5 -5 -5 -4 -4 -4 -3 -2 -1 ------- Run | Yrd Mat Min Sub Mat Fac Was Fac Gar Fac Low Low Zio Pro Fac Ext Cet Arc Hub Fac Was Fac Res Res Acc Traps Triggered 21 | . 2 . 2 . 1 . 1 3 . . . . . . 2 . . 1 1 . 1 2 5 . Indirectly . | . . . . . . . . . . . . . . . . . . . . . . . . . Trap Hack Attempts . | . . . . . . . . . . . . . . . . . . . . . . . . . Triggered . | . . . . . . . . . . . . . . . . . . . . . . . . . Disarmed . | . . . . . . . . . . . . . . . . . . . . . . . . . Reprogrammed . | . . . . . . . . . . . . . . . . . . . . . . . . . Reused . | . . . . . . . . . . . . . . . . . . . . . . . . . Traps Extracted . | . . . . . . . . . . . . . . . . . . . . . . . . . Installed . | . . . . . . . . . . . . . . . . . . . . . . . . . Triggered . | . . . . . . . . . . . . . . . . . . . . . . . . . Machines | -11 -10 -10 -10 -8 -7 -7 -7 -7 -6 -6 -6 -6 -5 -5 -5 -5 -5 -5 -4 -4 -4 -3 -2 -1 ---------- Run | Yrd Mat Min Sub Mat Fac Was Fac Gar Fac Low Low Zio Pro Fac Ext Cet Arc Hub Fac Was Fac Res Res Acc Machines Disabled 103 | . 2 1 . 8 6 . 1 6 20 . . . . 4 3 1 2 40 4 . 2 1 2 . Max in Single Turn 8 | . 1 1 . 3 3 . . 1 7 . . . . 1 1 1 1 8 . . 1 1 1 . Garrison Access 3 | . . . . . . . . . . . . . . 1 . . . 2 . . . . . . Garrison Relay 2 | . . . . . . . . 2 . . . . . . . . . . . . . . . . Network Hub 3 | . . . . . . . . . . . . . . . . . . 3 . . . . . . Machines Repaired . | . . . . . . . . . . . . . . . . . . . . . . . . . Machines Dismantled . | . . . . . . . . . . . . . . . . . . . . . . . . . Machines Sabotaged . | . . . . . . . . . . . . . . . . . . . . . . . . . Overloaded Fab Kills . | . . . . . . . . . . . . . . . . . . . . . . . . . Hacking | -11 -10 -10 -10 -8 -7 -7 -7 -7 -6 -6 -6 -6 -5 -5 -5 -5 -5 -5 -4 -4 -4 -3 -2 -1 --------- Run | Yrd Mat Min Sub Mat Fac Was Fac Gar Fac Low Low Zio Pro Fac Ext Cet Arc Hub Fac Was Fac Res Res Acc Machines Accessed 39 | . 5 1 . 8 6 . 4 3 4 . . . . 1 3 1 . . 3 . . . . . Terminals 22 | . 3 . . 4 3 . 3 3 2 . . . . . 3 1 . . . . . . . . Fabricators 3 | . . . . . 1 . . . 1 . . . . . . . . . 1 . . . . . Repair Stations 4 | . 1 . . 1 1 . . . 1 . . . . . . . . . . . . . . . Recycling Units 3 | . 1 . . 2 . . . . . . . . . . . . . . . . . . . . Scanalyzers 2 | . . . . 1 . . . . . . . . . . . . . . 1 . . . . . Garrison Access 4 | . . . . . 1 . 1 . . . . . . 1 . . . . 1 . . . . . Total Hacks 105 | . 18 1 . 15 19 . 7 7 12 . . . . 1 5 1 . . 19 . . . . . Successful 52 | . 6 1 . 11 8 . 3 3 5 . . . . . 3 1 . . 11 . . . . . Failed 53 | . 12 . . 4 11 . 4 4 7 . . . . 1 2 . . . 8 . . . . . Catastrophic 13 | . 2 . . 1 2 . 3 . 2 . . . . 1 . . . . 2 . . . . . Database Lockouts . | . . . . . . . . . . . . . . . . . . . . . . . . . Manual 94 | . 13 . . 4 2 . 3 . . . . . . 10 7 1 . 20 9 . 9 4 3 9 Terminals 55 | . 13 . . 6 12 . 6 7 5 . . . . . 5 1 . . . . . . . . Fabricators 11 | . . . . . 3 . . . 3 . . . . . . . . . 5 . . . . . Repair Stations 11 | . 3 . . 2 2 . . . 4 . . . . . . . . . . . . . . . Recycling Units 4 | . 2 . . 2 . . . . . . . . . . . . . . . . . . . . Scanalyzers 15 | . . . . 5 . . . . . . . . . . . . . . 10 . . . . . Garrison Access 8 | . . . . . 2 . 1 . . . . . . 1 . . . . 4 . . . . . Terminal Hacks 18 | . 3 1 . 1 4 . 1 3 1 . . . . . 3 1 . . . . . . . . Robot Analysis 2 | . 2 . . . . . . . . . . . . . . . . . . . . . . . Prototype ID Bank 1 | . . . . . 1 . . . . . . . . . . . . . . . . . . . Open Door 5 | . . 1 . . . . . . . . . . . . 3 1 . . . . . . . . Branch Access Points 1 | . 1 . . . . . . . . . . . . . . . . . . . . . . . Emergency Access Points 1 | . . . . . . . . 1 . . . . . . . . . . . . . . . . Terminal Index 1 | . . . . . . . 1 . . . . . . . . . . . . . . . . . Recycling Unit Index 1 | . . . . . 1 . . . . . . . . . . . . . . . . . . . Garrison Index 1 | . . . . . 1 . . . . . . . . . . . . . . . . . . . Unreport Threat 1 | . . . . . . . . . 1 . . . . . . . . . . . . . . . Hauler Manifests 1 | . . . . 1 . . . . . . . . . . . . . . . . . . . . Zone Layout 1 | . . . . . 1 . . . . . . . . . . . . . . . . . . . Patrol Navigation 1 | . . . . . . . . 1 . . . . . . . . . . . . . . . . Security Stations 1 | . . . . . . . . 1 . . . . . . . . . . . . . . . . Fabricator Hacks 6 | . . . . . 1 . . . 3 . . . . . . . . . 2 . . . . . Load Schematic 3 | . . . . . 1 . . . 1 . . . . . . . . . 1 . . . . . Build 3 | . . . . . . . . . 2 . . . . . . . . . 1 . . . . . Repair Station Hacks 7 | . 2 . . 2 2 . . . 1 . . . . . . . . . . . . . . . Scan Component 4 | . 1 . . 1 1 . . . 1 . . . . . . . . . . . . . . . Repair 3 | . 1 . . 1 1 . . . . . . . . . . . . . . . . . . . Recycling Unit Hacks . | . . . . . . . . . . . . . . . . . . . . . . . . . Scanalyzer 13 | . . . . 5 . . . . . . . . . . . . . . 8 . . . . . Insert Component 5 | . . . . 2 . . . . . . . . . . . . . . 3 . . . . . Analyze 8 | . . . . 3 . . . . . . . . . . . . . . 5 . . . . . Garrison Access Hacks 1 | . . . . . . . 1 . . . . . . . . . . . . . . . . . Unlock Access 1 | . . . . . . . 1 . . . . . . . . . . . . . . . . . Unauthorized Hacks 7 | . 1 . . 3 1 . 1 . . . . . . . . . . . 1 . . . . . Terminals 2 | . . . . 1 . . 1 . . . . . . . . . . . . . . . . . Botnet 2 | . . . . 1 . . 1 . . . . . . . . . . . . . . . . . Fabricators 2 | . . . . . 1 . . . . . . . . . . . . . 1 . . . . . Recompile 2 | . . . . . 1 . . . . . . . . . . . . . 1 . . . . . Repair Stations . | . . . . . . . . . . . . . . . . . . . . . . . . . Recycling Units 3 | . 1 . . 2 . . . . . . . . . . . . . . . . . . . . Tunnel 3 | . 1 . . 2 . . . . . . . . . . . . . . . . . . . . Scanalyzers . | . . . . . . . . . . . . . . . . . . . . . . . . . Garrison Access . | . . . . . . . . . . . . . . . . . . . . . . . . . Data Cores Recovered . | . . . . . . . . . . . . . . . . . . . . . . . . . Used . | . . . . . . . . . . . . . . . . . . . . . . . . . Hacking Detections 29 | . 3 . . 5 6 . 3 2 4 . . . . 1 2 1 . . 2 . . . . . Full Trace Events 5 | . 2 . . 1 . . . . 2 . . . . . . . . . . . . . . . Feedback Events . | . . . . . . . . . . . . . . . . . . . . . . . . . Feedback Blocked . | . . . . . . . . . . . . . . . . . . . . . . . . . Robot Schematics Acquired 3 | . . . . . . . . . . . . 3 . . . . . . . . . . . . Robots Built . | . . . . . . . . . . . . . . . . . . . . . . . . . Authchips . | . . . . . . . . . . . . . . . . . . . . . . . . . Time . | . . . . . . . . . . . . . . . . . . . . . . . . . Total Robot Build Rating . | . . . . . . . . . . . . . . . . . . . . . . . . . Part Schematics Acquired 41 | . . . . 2 . . . . . . . 15 . . 12 . . 9 3 . . . . . Parts Built 3 | . . . . . . . . . 2 . . . . . . . . . 1 . . . . . Authchips 1 | . . . . . . . . . 1 . . . . . . . . . . . . . . . Time 153 | . . . . . . . . . 84 . . . . . . . . . 69 . . . . . Total Part Build Rating 17 | . . . . . . . . . 8 . . . . . . . . . 9 . . . . . Parts Repaired 3 | . 1 . . 1 1 . . . . . . . . . . . . . . . . . . . Time 90 | . 26 . . 26 38 . . . . . . . . . . . . . . . . . . . Parts Recycled . | . . . . . . . . . . . . . . . . . . . . . . . . . Recycled Matter . | . . . . . . . . . . . . . . . . . . . . . . . . . Retrieved Matter . | . . . . . . . . . . . . . . . . . . . . . . . . . Retrieved Components . | . . . . . . . . . . . . . . . . . . . . . . . . . Parts Scanalyzed 5 | . . . . 2 . . . . . . . . . . . . . . 3 . . . . . Part Schematics Acquired 5 | . . . . 2 . . . . . . . . . . . . . . 3 . . . . . Parts Damaged . | . . . . . . . . . . . . . . . . . . . . . . . . . Bothacking | -11 -10 -10 -10 -8 -7 -7 -7 -7 -6 -6 -6 -6 -5 -5 -5 -5 -5 -5 -4 -4 -4 -3 -2 -1 ------------ Run | Yrd Mat Min Sub Mat Fac Was Fac Gar Fac Low Low Zio Pro Fac Ext Cet Arc Hub Fac Was Fac Res Res Acc Used RIF Installer . | . . . . . . . . . . . . . . . . . . . . . . . . . Robots Hacked . | . . . . . . . . . . . . . . . . . . . . . . . . . Non-combat . | . . . . . . . . . . . . . . . . . . . . . . . . . Combat . | . . . . . . . . . . . . . . . . . . . . . . . . . Robot Hacks Applied . | . . . . . . . . . . . . . . . . . . . . . . . . . Relay Couplers Released 15 | . . . . . . . . 6 . . . . . 3 . . . 3 . . . . . 3 Machine Destruction 12 | . . . . . . . . 6 . . . . . 3 . . . 3 . . . . . . Programmers 3 | . . . . . . . . . . . . . . . . . . . . . . . . 3 Fabnet Peak Effective % . | . . . . . . . . . . . . . . . . . . . . . . . . . Robots Rewired 10 | . . . . . . . . . . . . . . . 10 . . . . . . . . . Allies Hacked 1 | . . . . . . . . . . . . . . . . . . . . . . 1 . . Hacks Repelled . | . . . . . . . . . . . . . . . . . . . . . . . . . Allies | -11 -10 -10 -10 -8 -7 -7 -7 -7 -6 -6 -6 -6 -5 -5 -5 -5 -5 -5 -4 -4 -4 -3 -2 -1 -------- Run | Yrd Mat Min Sub Mat Fac Was Fac Gar Fac Low Low Zio Pro Fac Ext Cet Arc Hub Fac Was Fac Res Res Acc Total Allies 88 | . . 3 . . . 19 . . . . . 4 . 6 17 5 . 7 6 . 5 5 3 8 Largest Group 19 | . . 3 . . . 19 17 11 1 . . 4 4 5 12 6 6 9 3 . 3 3 3 5 Highest-Rated Group 764 | . . 40 . . . 465 395 311 24 . . 153 153 350 692 632 632 764 288 . 265 288 345 343 Highest-Rated Ally 159 | . . 16 . . . 35 31 31 24 . . 40 40 70 159 159 152 96 103 . 103 103 115 122 Zionite Dispatches 19 | . . . . . . . . . . . . . . 2 1 . . 3 3 . 3 2 1 4 Heavy 5 | . . . . . . . . . . . . . . . . . . 1 1 . 1 1 . 1 Light 7 | . . . . . . . . . . . . . . 2 1 . . 1 1 . . 1 1 . Hacker 2 | . . . . . . . . . . . . . . . . . . . . . 1 . . 1 Demo 2 | . . . . . . . . . . . . . . . . . . 1 . . . . . 1 Melee Resupply 1 | . . . . . . . . . . . . . . . . . . . . . 1 . . . Heavy Resupply 1 | . . . . . . . . . . . . . . . . . . . 1 . . . . . Zionite Resupply 1 | . . . . . . . . . . . . . . . . . . . . . . . . 1 Total Orders 4 | . . . . . . . . . . . . . . . . . . . 1 . 1 . . 2 DROP 3 | . . . . . . . . . . . . . . . . . . . 1 . 1 . . 1 EXPLORE 1 | . . . . . . . . . . . . . . . . . . . . . . . . 1 Ally Attacks 690 | . . 3 . . . . 56 44 . . . . 29 74 185 38 25 105 24 . 18 16 38 35 Total Damage 23682 | . . 33 . . . . 826 704 . . . . 681 1431 3969 1351 782 4812 1545 . 1917 650 1931 3050 Kills 129 | . . . . . . . 8 5 . . . . 4 8 23 6 4 29 7 . 8 3 9 15 Allies Corrupted 2 | . . . . . . . . . . . . . . . . . . 1 . . 1 . . . Allies Melted 2 | . . . . . . . . 1 . . . . . . . 1 . . . . . . . . Intel | -11 -10 -10 -10 -8 -7 -7 -7 -7 -6 -6 -6 -6 -5 -5 -5 -5 -5 -5 -4 -4 -4 -3 -2 -1 ------- Run | Yrd Mat Min Sub Mat Fac Was Fac Gar Fac Low Low Zio Pro Fac Ext Cet Arc Hub Fac Was Fac Res Res Acc Robot Analysis Total 2 | . 2 . . . . . . . . . . . . . . . . . . . . . . . Derelict Logs Recovered 6 | . . 1 1 . . . . . . 1 1 1 1 . . . . . . . . . . . Drone Launches 4 | . . . . . . . . . . . . . . . . . . . . . . . . 4 Drone Recoveries . | . . . . . . . . . . . . . . . . . . . . . . . . . Zionite Intel Received 5 | . . . . . . . . . . . . . . 1 1 . . 3 . . . . . . Emergency Access 1 | . . . . . . . . . . . . . . . . . . 1 . . . . . . Prototype Schematics 2 | . . . . . . . . . . . . . . . 1 . . 1 . . . . . . Active Terminals 2 | . . . . . . . . . . . . . . 1 . . . 1 . . . . . . Exploration | -11 -10 -10 -10 -8 -7 -7 -7 -7 -6 -6 -6 -6 -5 -5 -5 -5 -5 -5 -4 -4 -4 -3 -2 -1 ------------- Run | Yrd Mat Min Sub Mat Fac Was Fac Gar Fac Low Low Zio Pro Fac Ext Cet Arc Hub Fac Was Fac Res Res Acc Turns Passed 29965 | 91 637 1334 4736 3073 1207 945 675 1920 1244 798 808 2499 645 1086 1686 458 121 1850 526 70 531 1005 965 1055 Spaces Moved 14374 | 54 317 685 2669 975 533 509 297 938 451 321 326 1011 253 405 607 154 45 630 475 108 598 686 704 623 Core 1774 | 6 . . . . . . . . . . . . . . . . . 32 375 104 461 353 352 91 Treads 10829 | 48 317 685 2669 975 403 192 229 626 451 321 326 1011 253 405 607 154 45 598 97 4 13 313 59 28 Legs 615 | . . . . . . . . . . . . . . . . . . . . . 1 . 117 497 Wheels 1010 | . . . . . 130 317 68 312 . . . . . . . . . . . . . . 176 7 Hover 3 | . . . . . . . . . . . . . . . . . . . 3 . . . . . Flight 143 | . . . . . . . . . . . . . . . . . . . . . 123 20 . . Fastest Speed 27 | 50 160 160 160 240 115 115 160 160 160 240 240 240 240 160 240 240 240 50 50 50 27 37 50 50 Average Speed 173 | 147 160 160 160 256 157 166 221 160 231 240 240 240 240 220 240 256 240 216 73 54 51 109 89 113 Slowest Speed 330 | 160 160 160 160 320 250 240 240 240 240 240 240 240 240 240 240 320 240 240 160 160 160 330 190 260 Overloaded Moves 1 | . . . . . . . . . . . . . . . . . . . . . 1 . . . Propulsion Burnouts . | . . . . . . . . . . . . . . . . . . . . . . . . . Robots Hopped 1 | . . . . . . . . . . . . . . . . . . . . . . 1 . . Cave-ins Triggered . | . . . . . . . . . . . . . . . . . . . . . . . . . Exploration Rate (%) 53 | 4 70 99 95 87 19 95 11 90 12 61 41 88 50 12 74 65 71 80 15 93 22 26 26 21 Regions Visited 24 Branch Regions 10 Pre-discovered Areas 5 | . 1 . 1 2 . . . . . 1 . . . . . . . . . . . . . . Known Exits Taken 5 | . 1 . . . . . 1 . 1 . . . 1 1 . . . . . . . . . . Unknown Exits Taken 14 | 1 . 1 1 1 . . . . . 1 1 1 . . 1 1 1 1 . . 1 1 1 . Scrap Searched 25 | . . 2 9 . . . . . . 2 4 5 3 . . . . . . . . . . . Spaces Dug 69 | . . . 2 34 2 . . . 18 . 1 . . 1 1 . . 5 . . . 1 3 1 Terrain Destroyed 1411 | . 40 1 7 258 34 132 . . 76 . 4 . . 18 18 8 1 650 3 . 1 25 64 71 Melee 2 | . . . . . 2 . . . . . . . . . . . . . . . . . . . Projectile 165 | . . 1 7 26 1 . . . . . 4 . . 5 18 8 1 37 3 . 1 25 8 20 AOE 1243 | . 40 . . 232 31 132 . . 76 . . . . 13 . . . 613 . . . . 56 50 Terrain Rammed . | . . . . . . . . . . . . . . . . . . . . . . . . . Walls Destroyed . | . . . . . . . . . . . . . . . . . . . . . . . . . Machines Disabled . | . . . . . . . . . . . . . . . . . . . . . . . . . Actions | -11 -10 -10 -10 -8 -7 -7 -7 -7 -6 -6 -6 -6 -5 -5 -5 -5 -5 -5 -4 -4 -4 -3 -2 -1 --------- Run | Yrd Mat Min Sub Mat Fac Was Fac Gar Fac Low Low Zio Pro Fac Ext Cet Arc Hub Fac Was Fac Res Res Acc Total 17629 | 62 408 897 3002 1315 727 584 311 1180 583 337 339 1085 277 523 772 189 52 891 620 122 774 806 947 826 Wait 1181 | . 48 197 190 100 24 10 6 55 60 . . 56 2 28 14 4 3 35 99 6 86 22 90 46 Move 14350 | 53 316 684 2668 974 533 508 296 936 450 320 325 1010 252 404 606 153 44 629 475 107 597 683 704 623 Hop 1 | . . . . . . . . . . . . . . . . . . . . . . 1 . . Pick Up 158 | 3 5 1 19 33 16 12 2 16 8 1 . 4 2 4 2 2 . 13 . . . 1 6 8 Fast Attach 239 | 6 6 . 4 19 14 3 . 8 2 4 2 2 3 17 3 5 1 2 23 1 17 19 32 46 Attach 99 | . . 1 4 19 10 5 . 2 5 1 1 1 1 6 . 3 . 21 . . . 5 4 10 Detach 25 | . 1 . . 3 . 1 . . . . 1 . 1 4 . 1 . 6 . . . 3 2 2 Swap 92 | . 2 1 4 14 18 12 2 2 8 . . 4 3 5 2 . . 8 . . . . 5 2 Drop 238 | . 4 . 18 34 23 19 3 20 7 3 2 7 5 16 6 8 1 20 5 8 8 3 7 11 Fire 952 | . 22 13 80 108 79 11 2 118 43 8 8 1 3 37 25 13 3 157 10 . 15 65 54 77 Melee 15 | . . . . . 7 3 . . . . . . 5 . . . . . . . . . . . Ram 22 | . . . . . 3 . . . . . . . . . . . . . 2 . 3 . 14 . Kick 3 | . . . . . . . . . . . . . . . . . . . . . . . 3 . Crush 88 | . 4 . . 9 . . . . . . . . . 2 5 . . . 6 . 48 3 11 . Escape Stasis 41 | . . . . . . . . 22 . . . . . . 4 . . . . . . . 15 . Rewire 112 | . . . 5 . . . . 1 . . . . . . 105 . . . . . . 1 . . Trap . | . . . . . . . . . . . . . . . . . . . . . . . . . Miscellaneous 13 | . . . 10 2 . . . . . . . . . . . . . . . . . . . 1 Route ------- -11/Scrapyard -10/Materials (discovered 4 exits: [*Mat x2] / *Min x2) -10/Mines (discovered 3 exits: [*Mat x2] / [*Sub]) -10/Subcaves (discovered 2 exits: *Mat x2) -8/Materials (discovered 4 exits: *Fac x3 / [*Sto]) -7/Factory -7/Waste -7/Factory (discovered 2 exits: *Fac / Gar) -7/Garrison (discovered 3 exits: *Fac x3) -6/Factory (discovered 2 exits: *Fac / *Low) -6/Lower Caves -6/Lower Caves -6/Zion -5/Proximity Caves -5/Factory (discovered 2 exits: *Upp / *Ext) -5/Extension (discovered 2 exits: *Fac / *Cet) -5/Cetus (discovered 2 exits: *Fac / [*Arc]) -5/Archives -5/Hub_04(d) (discovered 3 exits: *Fac x3) -4/Factory -4/Waste -4/Factory -3/Research -2/Research -1/Access History --------- Turn | Location | Event 4 | -11/Scrapyard | Discovered new exit (range 16) 92 | -11/Scrapyard | Entered Materials 137 | -10/Materials | Identified exit to Mines 303 | -10/Materials | Build established: Mutant 459 | -10/Materials | Discovered new exit (range 5) 618 | -10/Materials | Repaired Lgt. Treads 687 | -10/Materials | Discovered new exit (range 8) 729 | -10/Materials | Entered Mines 730 | -10/Mines | Assembled infested the area 735 | -10/Mines | Assisted by a Guerilla fighting off Assembled 759 | -10/Mines | Met a Derelict bent on vengeance 1138 | -10/Mines | Discovered new exit (range 9) 1211 | -10/Mines | Learned Materials trap positions 1312 | -10/Mines | Assisted by bots powering up and referring to "LRC-V3" 1401 | -10/Mines | Lost 3 allies 1589 | -10/Mines | Discovered new exit (range 9) 1657 | -10/Mines | Met a Derelict who couldn't figure out how to use a Trap Extractor 2057 | -10/Mines | Discovered new exit (range 4) 2063 | -10/Mines | Entered Subcaves 2147 | -10/Subcaves | Discovered new exit (range 10) 2372 | -10/Subcaves | Shifting Twisted Machinery released Sub. Power Source 2376 | -10/Subcaves | Shifting Twisted Machinery released Sub. Beam Cannon 2442 | -10/Subcaves | Learned Materials garrison access intel 2450 | -10/Subcaves | Build established: Subdweller-Mutant 2988 | -10/Subcaves | Ambushed by angry Subdweller bent on revenge 3223 | -10/Subcaves | Learned location of Zion (-6) 3223 | -10/Subcaves | Met a Zionite searching for "candidates" 3710 | -10/Subcaves | Ambushed by angry Subdweller bent on revenge 3779 | -10/Subcaves | Discovered new exit (range 6) 4576 | -10/Subcaves | Ambushed by angry Subdweller bent on revenge 4744 | -10/Subcaves | Shifting Twisted Machinery released Sub. Beam Cannon 4768 | -10/Subcaves | Shifting Twisted Machinery released Mak. Shrapnel Gun 5071 | -10/Subcaves | Shifting Twisted Machinery released Sub. Monowheel 5072 | -10/Subcaves | Shifting Twisted Machinery released Sub. Power Source 5176 | -10/Subcaves | A swath of the cavern ceiling suddenly collapsed 6370 | -10/Subcaves | Build established: Mutant 6799 | -10/Subcaves | Entered Materials 6799 | -8/Materials | Evolved 4 slots: Utility x2, Weapon x2 6800 | -8/Materials | Loaded intel: 18 trap records 6801 | -8/Materials | Loaded intel: 1 garrison access location 6802 | -8/Materials | Discovered new exit (range 7) 6845 | -8/Materials | Repaired Lgt. Treads 7112 | -8/Materials | Build established: Subdweller-Tank 7736 | -8/Materials | Discovered new exit (range 16) 8259 | -8/Materials | Build established: Scavenger-Tank 8843 | -8/Materials | Discovered new exit (range 10) 8916 | -8/Materials | Build established: Tank 9008 | -8/Materials | Destroyed 9 combat bots 9076 | -8/Materials | Lost 7 parts (1p1n2u3w) 9182 | -8/Materials | Destroyed 8 combat bots 9199 | -8/Materials | First assault squad dispatched 9234 | -8/Materials | Core integrity fell below 50% 9266 | -8/Materials | Destroyed 9 combat bots 9288 | -8/Materials | Build established: Skirmisher 9505 | -8/Materials | Discovered new exit (range 11) 9643 | -8/Materials | Sterilization system engaged 9643 | -8/Materials | Non-combat units ordered to evacuate 9743 | -8/Materials | Combat units ordered to evacuate 9872 | -8/Materials | Entered Factory 9872 | -7/Factory | Evolved 2 slots: Propulsion x2 10246 | -7/Factory | Garrison activated, responded to threat 10559 | -7/Factory | Garrison activated, responded to threat 10596 | -7/Factory | Repaired Arm. Treads 10672 | -7/Factory | First assault squad dispatched 10716 | -7/Factory | Garrison activated, responded to threat 11042 | -7/Factory | Garrison activated, responded to threat 11079 | -7/Factory | Sucked down chute 11079 | -7/Factory | Entered Waste 11092 | -7/Waste | Spotted C-40 Crusher 11106 | -7/Waste | Spotted C-40 Crusher 11109 | -7/Waste | Destroyed C-40 Crusher 11117 | -7/Waste | Destroyed C-40 Crusher 11163 | -7/Waste | Spotted C-40 Crusher 11163 | -7/Waste | Destroyed C-40 Crusher 11191 | -7/Waste | Spotted C-40 Crusher 11193 | -7/Waste | Spotted C-40 Crusher 11195 | -7/Waste | Spotted C-40 Crusher 11196 | -7/Waste | Destroyed C-40 Crusher 11196 | -7/Waste | Destroyed C-40 Crusher 11202 | -7/Waste | Destroyed C-40 Crusher 11292 | -7/Waste | Warlord forces began an assault 11619 | -7/Waste | Build established: Tank 11653 | -7/Waste | Discovered new exit (range 12) 11843 | -7/Waste | Found Damper Plating 12024 | -7/Waste | Entered Factory 12024 | -7/Factory | Accompanied by 17 allies 12355 | -7/Factory | P-60 Hacker assimilated allied 50-8WA(s) 12500 | -7/Factory | Discovered new exit (range 4) 12697 | -7/Factory | Identified exit to Garrison 12699 | -7/Factory | Entered Garrison 12699 | -7/Garrison | Accompanied by 11 allies 12703 | -7/Garrison | Heavy support dispatched to Factory 12763 | -7/Garrison | Triggered checkpoint 12771 | -7/Garrison | Triggered checkpoint 12823 | -7/Garrison | Lost 9 allies 12831 | -7/Garrison | Destroyed 9 combat bots 12939 | -7/Garrison | Discovered new exit (range 13) 12953 | -7/Garrison | Learned Factory security intel 13055 | -7/Garrison | Garrison Relay disabled 13179 | -7/Garrison | Triggered checkpoint 13239 | -7/Garrison | Triggered checkpoint 13589 | -7/Garrison | Triggered checkpoint 13598 | -7/Garrison | Discovered new exit (range 15) 13881 | -7/Garrison | Triggered checkpoint 13917 | -7/Garrison | Garrison Relay disabled 14309 | -7/Garrison | Discovered new exit (range 15) 14476 | -7/Garrison | Attempted to access garrison exit controls, blocked by remote lockdown 14619 | -7/Garrison | Entered Factory 14619 | -6/Factory | Accompanied by 1 ally 14619 | -6/Factory | Evolved 2 slots: Power x1, Utility x1 14753 | -6/Factory | Discovered new exit (range 16) 14839 | -6/Factory | Discovered new exit (range 12) 15057 | -6/Factory | Identified exit to Factory 15078 | -6/Factory | Identified exit to Lower Caves 15169 | -6/Factory | P-60 Hacker assimilated allied BB-N9E(m) 15262 | -6/Factory | Spotted B-75 Beast 15319 | -6/Factory | First assault squad dispatched 15424 | -6/Factory | Fabricated Lrn. Proton Cannon (x1) 15456 | -6/Factory | Fabricated Sub. Shrapnel Launcher (x1) 15519 | -6/Factory | Destroyed 8 combat bots 15559 | -6/Factory | Destroyed B-75 Beast 15863 | -6/Factory | Entered Lower Caves 15990 | -6/Lower Caves | Met a Warlord Commander 15991 | -6/Lower Caves | Learned location of Warlord (-4) 15992 | -6/Lower Caves | Warlord Commander delivered Encrypted Comm Array 16000 | -6/Lower Caves | Found Encrypted Comm Array 16036 | -6/Lower Caves | Attracted the attention of an 0b10 checkpoint 16251 | -6/Lower Caves | Learned location of 1 exit from Factory 16644 | -6/Lower Caves | Discovered new exit (range 7) 16661 | -6/Lower Caves | Entered another Lower Caves area 16733 | -6/Lower Caves | Attracted the attention of an 0b10 checkpoint 17105 | -6/Lower Caves | Encountered a Warlord checkpoint 17370 | -6/Lower Caves | Discovered new exit (range 13) 17469 | -6/Lower Caves | Entered Zion 17568 | -6/Zion | System corruption cleaned by Quarantine Array 17630 | -6/Zion | Discovered new exit (range 16) 17685 | -6/Zion | Found Prototype Device 17685 | -6/Zion | Identified Phasing AFG 18007 | -6/Zion | Learned Factory garrison access intel 18151 | -6/Zion | Received a visual enhancement algorithm 18516 | -6/Zion | Given the Hacking Drone Bay 18931 | -6/Zion | Learned 4 Factory zone layouts 19358 | -6/Zion | Imprinted 19360 | -6/Zion | Declared Zion's savior 19575 | -6/Zion | Found Prototype Device 19740 | -6/Zion | Found CR-A16's Pointy Stick 19968 | -6/Zion | Entered Proximity Caves 19968 | -5/Proximity Caves | Accompanied by 4 allies 20021 | -5/Proximity Caves | Attracted the attention of an 0b10 checkpoint 20165 | -5/Proximity Caves | Spotted B-75 Beast 20197 | -5/Proximity Caves | Destroyed B-75 Beast 20227 | -5/Proximity Caves | Lost 4 allies 20613 | -5/Proximity Caves | Entered Factory 20613 | -5/Factory | Evolved 2 slots: Utility x2 20614 | -5/Factory | Identified exit to Extension 20615 | -5/Factory | Identified exit to Upper Caves 20617 | -5/Factory | Loaded intel: 2 garrison access locations 20637 | -5/Factory | Garrison activated, responded to threat 20901 | -5/Factory | Build established: Gunner 21218 | -5/Factory | Retrieved Zion intel report: Active Terminals 21219 | -5/Factory | Zion Light squad teleported in 21433 | -5/Factory | Found Prototype Protection 21434 | -5/Factory | Identified Zio. Weapon Casing 21435 | -5/Factory | Identified Hacking Drone Bay 21585 | -5/Factory | Zion Light squad teleported in 21680 | -5/Factory | Build established: Scavenger-Gunner 21699 | -5/Factory | Entered Extension 21699 | -5/Extension | Accompanied by 5 allies 21985 | -5/Extension | Retrieved Zion intel report: Prototype Schematics 21986 | -5/Extension | Zion Light squad teleported in 22151 | -5/Extension | Lost 3 allies 22251 | -5/Extension | Rescued A7 22261 | -5/Extension | Spotted B-75 Beast 22308 | -5/Extension | Lost 3 allies 22859 | -5/Extension | Allies destroyed B-75 Beast 22884 | -5/Extension | Spotted B-75 Beast 22893 | -5/Extension | Destroyed B-75 Beast 22991 | -5/Extension | Rescued a captive Derelict 22992 | -5/Extension | Rescued a captive Derelict 23012 | -5/Extension | Rescued a captive Derelict 23025 | -5/Extension | Terminal network hard line cut 23199 | -5/Extension | First assault squad dispatched 23328 | -5/Extension | Lost 5 allies 23366 | -5/Extension | Discovered new exit (range 10) 23368 | -5/Extension | Discovered new exit (range 6) 23385 | -5/Extension | Entered Cetus 23385 | -5/Cetus | Accompanied by 5 allies (A7) 23390 | -5/Cetus | Acquired a Cetus Manufacturing Module code from A7 23414 | -5/Cetus | Spotted Cetus Guard 23414 | -5/Cetus | Spotted Cetus Guard 23420 | -5/Cetus | Destroyed Cetus Guard 23421 | -5/Cetus | Spotted Cetus Guard 23427 | -5/Cetus | Allies destroyed Cetus Guard 23427 | -5/Cetus | Spotted Cetus Guard 23430 | -5/Cetus | Allies destroyed Cetus Guard 23433 | -5/Cetus | Destroyed Cetus Guard 23629 | -5/Cetus | Started Cetus Manufacturing Module 23644 | -5/Cetus | Escorted A7 to Cetus Mainframe 23654 | -5/Cetus | Manufactured an Enhanced Grunt 23670 | -5/Cetus | Discovered new exit (range 15) 23679 | -5/Cetus | Manufactured an Enhanced Grunt 23704 | -5/Cetus | Manufactured an Enhanced Grunt 23710 | -5/Cetus | Spotted Cetus Guard 23710 | -5/Cetus | Spotted Cetus Guard 23717 | -5/Cetus | Destroyed Cetus Guard 23717 | -5/Cetus | Spotted Cetus Guard 23725 | -5/Cetus | Allies destroyed Cetus Guard 23725 | -5/Cetus | Spotted Cetus Guard 23729 | -5/Cetus | Manufactured an Enhanced Grunt 23731 | -5/Cetus | Allies destroyed Cetus Guard 23737 | -5/Cetus | Destroyed Cetus Guard 23748 | -5/Cetus | Discovered new exit (range 15) 23754 | -5/Cetus | Manufactured an Enhanced Grunt 23762 | -5/Cetus | Scared off Revision 17 23774 | -5/Cetus | Build established: Scavenger-Tank 23843 | -5/Cetus | Entered Archives 23843 | -5/Archives | Accompanied by 6 allies (A7) 23848 | -5/Archives | Received a hacking code to weaken MAIN.C 23921 | -5/Archives | Discovered new exit (range 14) 23964 | -5/Archives | Entered Hub_04(d) 23964 | -5/Hub_04(d) | Accompanied by 4 allies 23987 | -5/Hub_04(d) | Zion Heavy squad teleported in 24049 | -5/Hub_04(d) | Zion Light squad teleported in 24265 | -5/Hub_04(d) | Lost 3 allies 24273 | -5/Hub_04(d) | Garrison activated, responded to threat 24340 | -5/Hub_04(d) | Network Hub disabled 24674 | -5/Hub_04(d) | Spotted Lightning 24676 | -5/Hub_04(d) | Spotted Lightning 24676 | -5/Hub_04(d) | Spotted Lightning 24683 | -5/Hub_04(d) | Destroyed Lightning 24710 | -5/Hub_04(d) | Destroyed Lightning 24718 | -5/Hub_04(d) | Lost 4 allies 24719 | -5/Hub_04(d) | Found Prototype Processor 24725 | -5/Hub_04(d) | Destroyed Lightning 24746 | -5/Hub_04(d) | Found Prototype Device 24747 | -5/Hub_04(d) | Identified Exp. EM Disruption Field 24760 | -5/Hub_04(d) | Retrieved Zion intel report: Emergency Access 24761 | -5/Hub_04(d) | Zion Demo squad teleported in 24825 | -5/Hub_04(d) | Retrieved Zion intel report: Prototype Schematics 24864 | -5/Hub_04(d) | First assault squad dispatched 24874 | -5/Hub_04(d) | Retrieved Zion intel report: Active Terminals 24926 | -5/Hub_04(d) | Destroyed 8 combat bots 24940 | -5/Hub_04(d) | Discovered new exit (range 7) 24964 | -5/Hub_04(d) | Discovered new exit (range 15) 25036 | -5/Hub_04(d) | Discovered new exit (range 9) 25041 | -5/Hub_04(d) | Spotted Lightning 25043 | -5/Hub_04(d) | Spotted Lightning 25054 | -5/Hub_04(d) | Spotted Lightning 25055 | -5/Hub_04(d) | System corruption reached 10% 25060 | -5/Hub_04(d) | Garrison activated, responded to threat 25060 | -5/Hub_04(d) | Destroyed Lightning 25078 | -5/Hub_04(d) | Destroyed Lightning 25111 | -5/Hub_04(d) | Destroyed Lightning 25117 | -5/Hub_04(d) | Found Prototype Energy Cannon 25186 | -5/Hub_04(d) | Terminal network hard line cut 25188 | -5/Hub_04(d) | Network Hub disabled 25217 | -5/Hub_04(d) | Identified EMDS 25263 | -5/Hub_04(d) | Lost 5 parts (1n1u3w) 25273 | -5/Hub_04(d) | Destroyed 15 combat bots 25547 | -5/Hub_04(d) | High security lockdown imminent 25584 | -5/Hub_04(d) | Destroyed 9 combat bots 25627 | -5/Hub_04(d) | High security lockdown engaged 25648 | -5/Hub_04(d) | Lost 4 parts (1n2u1w) 25654 | -5/Hub_04(d) | Destroyed 16 combat bots 25743 | -5/Hub_04(d) | Network Hub disabled 25792 | -5/Hub_04(d) | Core integrity fell below 50% 25794 | -5/Hub_04(d) | Identified Exp. Targeting Computer 25814 | -5/Hub_04(d) | Core integrity fell below 20% 25814 | -5/Hub_04(d) | Entered Factory 25814 | -4/Factory | Evolved 2 slots: Propulsion x2 25843 | -4/Factory | Lost 6 parts (2n3u1w) 25959 | -4/Factory | Fabricated Adv. Heavy Siege Treads (x1) 25999 | -4/Factory | Spotted B-86 Titan 26022 | -4/Factory | Zion Heavy squad teleported in 26055 | -4/Factory | Zion Heavy Resupply teleported in 26064 | -4/Factory | First assault squad dispatched 26097 | -4/Factory | Zion Light squad teleported in 26103 | -4/Factory | Build established: Mutant 26132 | -4/Factory | Found Hvy. Insulated Plating 26135 | -4/Factory | Found Hvy. Insulated Plating 26141 | -4/Factory | Lost 3 allies 26340 | -4/Factory | Sucked down chute 26340 | -4/Factory | Entered Waste 26352 | -4/Waste | Spotted C-40 Crusher 26355 | -4/Waste | EMP discharged 26363 | -4/Waste | Spotted C-40 Crusher 26369 | -4/Waste | Spotted C-40 Crusher 26377 | -4/Waste | Spotted C-40 Crusher 26385 | -4/Waste | Spotted C-40 Crusher 26400 | -4/Waste | Discovered new exit (range 12) 26400 | -4/Waste | Spotted C-40 Crusher 26410 | -4/Waste | Entered Factory 26690 | -4/Factory | First assault squad dispatched 26730 | -4/Factory | Zion Heavy squad teleported in 26771 | -4/Factory | Zion Hacker squad teleported in 26818 | -4/Factory | Lost 4 allies 26821 | -4/Factory | System corruption reached 10% 26851 | -4/Factory | Zion Melee Resupply teleported in 26936 | -4/Factory | Discovered new exit (range 10) 26941 | -4/Factory | Entered Research 26941 | -3/Research | Evolved 2 slots: Utility x2 26958 | -3/Research | Lost 3 parts (2n1u) 27379 | -3/Research | Spotted B-86 Titan 27457 | -3/Research | Lost 3 parts (2n1w) 27691 | -3/Research | First assault squad dispatched 27714 | -3/Research | Lost 6 parts (3n1u2w) 27776 | -3/Research | Destroyed 7 combat bots 27796 | -3/Research | Spotted B-86 Titan 27821 | -3/Research | Zion Heavy squad teleported in 27860 | -3/Research | Core integrity fell below 50% 27870 | -3/Research | Lost 12 parts (4p5n3u) 27894 | -3/Research | Zion Light squad teleported in 27902 | -3/Research | Garrison activated, responded to threat 27918 | -3/Research | System corruption reached 10% 27938 | -3/Research | Discovered new exit (range 15) 27942 | -3/Research | Lost 3 allies 27946 | -3/Research | Entered another Research area 27946 | -2/Research | Evolved 2 slots: Propulsion x2 28039 | -2/Research | Zion Light squad teleported in 28196 | -2/Research | First assault squad dispatched 28222 | -2/Research | Found Prototype Launcher 28330 | -2/Research | Identified Point Singularity Launcher 28354 | -2/Research | Build established: Scavenger-Gunner 28399 | -2/Research | Lost 3 allies 28410 | -2/Research | Found Zio. Weapon Casing 28413 | -2/Research | Found Zio. Weapon Casing 28417 | -2/Research | Lost 4 parts (1n2u1w) 28483 | -2/Research | Found Prototype Device 28483 | -2/Research | Identified Exp. Weapon Cycler 28670 | -2/Research | Lost 9 parts (2p1n5u1w) 28811 | -2/Research | Lost 4 parts (1n1u2w) 28867 | -2/Research | Core integrity fell below 50% 28895 | -2/Research | Lost 8 parts (4n1u3w) 28906 | -2/Research | Build established: Mutant 28906 | -2/Research | Discovered new exit (range 2) 28911 | -2/Research | Entered Access 28911 | -1/Access | Evolved 2 slots: Power x2 29082 | -1/Access | Zion Zionite Resupply teleported in 29213 | -1/Access | Zion Heavy squad teleported in 29258 | -1/Access | Found Zio. Weapon Casing 29331 | -1/Access | Lost 4 allies 29408 | -1/Access | Garrison activated, responded to threat 29491 | -1/Access | Destroyed 10 combat bots 29498 | -1/Access | Lost 5 parts (1p3u1w) 29705 | -1/Access | First assault squad dispatched 29734 | -1/Access | Build established: Messiah-Skirmisher 29737 | -1/Access | Lost 5 parts (2p2n1w) 29754 | -1/Access | Spotted B-99 Colossus 29823 | -1/Access | Zion Hacker squad teleported in 29827 | -1/Access | Core integrity fell below 50% 29835 | -1/Access | Zion Demo squad teleported in 29839 | -1/Access | Allies destroyed B-99 Colossus 29854 | -1/Access | Core integrity fell below 20% 29860 | -1/Access | Found Hvy. Reflective Plating 29868 | -1/Access | Lost 18 parts (2p7n5u4w) 29868 | -1/Access | Found Hvy. Insulated Plating 29882 | -1/Access | Lost 5 allies 29884 | -1/Access | Found Prototype Ballistic Gun 29884 | -1/Access | Identified Multirail 29889 | -1/Access | Found Multirail 29918 | -1/Access | Destroyed 11 combat bots 29966 | -1/Access | Destroyed by G-73 Enforcer with Heavy Laser Last Messages --------------- 29960_ U-05 Engineer builds a Wall. 29960_ U-05 Engineer lays Concrete. 29960_ K-01 Serf collects debris. 29961_ Acquired 56 matter. 29961_ U-05 Engineer builds a Wall. 29961_ K-01 Serf collects debris. 29962_ U-05 Engineer lays Concrete. 29962_ G-73 Enforcer destroyed. 29963_ U-05 Engineer lays Concrete. 29963_ Lgt. Ion Engine destroyed. 29963_ K-01 Serf collects debris. 29964_ System corrupted: Multirail rejected. 29964_ Adv. Visual Processing Unit destroyed. 29964_ Critical hit (Burn: +37). 29964_ Point Singularity Launcher destroyed. 29965_ The unstable cave ceiling collapses. 29965_ U-05 Engineer lays Concrete. 29965_ Acquired 71 matter. 29965_ U-05 Engineer builds a Wall. 29966_ U-05 Engineer lays Concrete. Map ----- +----------------------------------------------------+ | #????????????????????????????????????????????? | | #????????????????????????????????????????????? | | #?????????? ????? ???????????????????????? | | #?????????? ?? ??????????????????????? | | #???###???? ??????????????????????? | | ########??? !! ???????????????????????? | | #??? !! ????????????????????????? | | #??? ! ? ??????????????????????? | | #??? ?? ??????????????????????? | | = #??? ? ??????????????????????? | | ! =*##?? ? ???????????????????????? | | = =%#### ?? ?????????????????????????? | | # ######+####???????????????????????? | | #### [ % % R #???????????????????????? | | # ! #???????????????????????? | | #! ! #???????????????????????? | | +%! #???????????#???????????? | | #!! ! ###########+##??????????? | | # # #??????????? | | # | = # #??????????? | | ?##### #%! R # #??????????? | | ??????####=! # #??????????? | | ?????????# != !^ %* # #??????????? | | ???######## !!= ^ + #??????????? | | ???# #!% = % %#! #??????????? | | ???# #* !! ! @ #??????????? | | ???#% ==!! ! e[ #??????????? | | ???# ] = == = # #??????????? | | ???# # != # #??????????? | | ???#"" #u w *#u #??????????? | | ???#"" / ##############??????????? | | ???# # * gg = ?????????????????? | | ???# # u ????????????????? | | ???# # % b ??????????????? | | ???#"" # ##### g "" ?????????????? | | ???#"" # #???# "" ??????????????? | | ???# ####???# g % """""??????????????? | | ???# #?????? """""??????????????? | | ???########????? # "" ??????????????? | | ???????????????? # = "????????????????? | | ???????????????# # ????????????????? | | ??????????????? # ???????????????? | | ???????????????# # ???????????????? | | ???????????????### #######/????????????????? | | ?????????????????# #???????????????????????? | | ?????????????????# #???????????????????????? | | ?????????????????# #???????????????????????? | | ?????????????????# #???????????????????????? | | ?????????????????# #???????????????????????? | | ?????????????????# #???????????????????????? | +----------------------------------------------------+ Best States ------------- Heat Dissipation 128 Coolant Potential 200 Energy Generation 69 Energy Capacity 1050 Matter Stores 300 Matter Capacity 300 Sight Range 20 Terrain Scan Range 24 Terrain Scan Density 210 Corruption Block 20 Armor Coverage 1800 Resistance: TH 25 Resistance: EM 90 Weapon Shielding 100 Weapon Cycling 30 Phase Shifting 15 Evasion (%) 70 Targeting Accuracy 8 Melee Accuracy 5 Target Analysis 8 Armor Integrity Analysis 30 Recoil Reduction 6 Particle Charging 20 Kinecelleration 30 Defensive Hacking 10 Authchip Count 1 Item Schematics ----------------- Sub. Shrapnel Launcher | -8/Materials | Scanalyzed Mak. Sword | -8/Materials | Scanalyzed Adv. Hacking Suite | -6/Zion | Archive Point Defense Array | -6/Zion | Archive Imp. Focal Shield | -6/Zion | Archive Thermal Shield | -6/Zion | Archive Tesla Rifle | -6/Zion | Archive Variable Charge Gun | -6/Zion | Archive Focal Shield | -6/Zion | Archive Adv. Target Analyzer | -6/Zion | Archive Imp. System Restoration Module | -6/Zion | Archive Imp. Dynamic Insulation System | -6/Zion | Archive Hpw. Shock Rifle | -6/Zion | Archive Arm. Leg | -6/Zion | Archive Bore Cannon | -6/Zion | Archive Mass Driver | -6/Zion | Archive Tiamat Missile Launcher | -6/Zion | Archive Imp. Matter Compressor | -5/Extension | Z-intel Thunder Hammer | -5/Extension | Z-intel Enh. Flexi-carbon Leg | -5/Extension | Z-intel Enh. Armored Leg | -5/Extension | Z-intel Cld. Plasma Rifle | -5/Extension | Z-intel Imp. Airjet | -5/Extension | Z-intel Hvy. Proton Missile Launcher | -5/Extension | Z-intel Imp. Lightning Gun | -5/Extension | Z-intel Hvy. Gatling Laser | -5/Extension | Z-intel Tesla Bomb Launcher | -5/Extension | Z-intel Enh. Fission Core | -5/Extension | Z-intel Cld. Aerolev Unit | -5/Extension | Z-intel Cld. Nuclear Pulse Thruster | -5/Hub_04(d) | Z-intel Prc. Energy Filter | -5/Hub_04(d) | Z-intel F-cell Engine | -5/Hub_04(d) | Z-intel Hvy. Proton Cannon | -5/Hub_04(d) | Z-intel Imp. Spread Laser | -5/Hub_04(d) | Z-intel Cld. Gravmag System | -5/Hub_04(d) | Z-intel Cld. Fission Core | -5/Hub_04(d) | Z-intel Prc. Matter Filter | -5/Hub_04(d) | Z-intel Imp. KE Penetrator | -5/Hub_04(d) | Z-intel Huge Storage Unit | -4/Factory | Scanalyzed Exp. EM Disruption Field | -4/Factory | Scanalyzed Adv. Terrain Scan Processor | -4/Factory | Scanalyzed Robot Schematics ------------------ H-66 Slayer | -6/Zion | Archive R-06 Scavenger | -6/Zion | Archive R-10 Processor | -6/Zion | Archive Fabricated ------------ Lrn. Proton Cannon | x1 | -6/Factory | Preloaded, Authchip Sub. Shrapnel Launcher | x1 | -6/Factory Adv. Heavy Siege Treads | x1 | -4/Factory | Preloaded Alien Tech Used ----------------- None Achievements -------------- None Challenges ------------ None Game ------ Seed FlightPointyAmplifier Manual? 0 Play Time 03:13:45 Cumulative 757.0 hours Start 2024.04.14 @ 22:31:04 End 2024.04.19 @ 23:00:16 Sessions 3 Manual Loads 0 Difficulty Rogue Special Mode None Game No. 491 Rogue 484 Adventurer 0 Explorer 7 Win Type - Total 54 Types 20/5/19/2/0/1/5/1/1 Lore% 88 Gallery% 95 Achievement% 83 Wizard Run 0 Options --------- Layout 2 ASCII 0 Keyboard 0 Movement Mouse Keybinds 0 Fullscreen 1 Font 24/Tamsyn Map View 50x44 Zoom Use 0% Tactical HUD 1 Map Filters NONE Filters NONE Steam 1 RUN: a01d682e-9d08-4405-9d95-982eba59bd63